 Dungeon Crawl Stone Soup version 0.28.0-1-gb440e238dd (webtiles) character file.

Game seed: 13082069549346451044

158 hikkokomori the Digger (level 5, -11/28 HPs)
             Began as a Gargoyle Earth Elementalist on Feb 21, 2022.
             Mangled by an ogre (13 damage)
             ... on level 4 of the Dungeon.
             The game lasted 00:09:16 (3740 turns).

hikkokomori the Digger (GrEE)                       Turns: 3740, Time: 00:09:17

Health: -11/28     AC:  8    Str: 17    XL:     5   Next: 40%
Magic:  14/18      EV: 11    Int: 18    God:
Gold:   1          SH:  0    Dex: 10    Spells: 3/10 levels left

rFire   . . .      SeeInvis .   p - +2 morningstar (vamp)
rCold   . . .      Faith    .   (no shield)
rNeg    + . .      Spirit   .   b - +0 robe
rPois   ∞          Reflect  .   (no helmet)
rElec   +          Harm     .   l - +1 cloak
rCorr   .          Rampage  .   (no gloves)
Will    .....                   (no boots)
Stlth   ++........              (no amulet)
HPRegen 0.09/turn               j - ring of magical power
MPRegen 0.16/turn               k - +6 ring of strength

@: no status effects
A: sickness immunity, AC +4, negative energy resistance 1, electricity
resistance, torment resistance 1, petrification resistance
a: no special abilities


You were on level 4 of the Dungeon.
You visited 1 branch of the dungeon, and saw 4 of its levels.

You collected 221 gold pieces.
You spent 220 gold pieces at shops.

Inventory:

Hand Weapons
 g - a +0 spectral club
 h - a +0 short sword
 p - a +2 vampiric morningstar (weapon)
Missiles
 c - 119 stones
Armour
 b - a +0 robe (worn)
 l - a +1 cloak (worn)
 q - a +2 chain mail of fire resistance
Jewellery
 j - a ring of magical power (left hand)
 k - a +6 ring of strength (right hand)
Scrolls
 a - a scroll of brand weapon
 d - a scroll of amnesia {unknown}
 e - 2 scrolls of teleportation
 f - a scroll of identify
 i - 2 scrolls of vulnerability
 m - a scroll of silence
 o - a scroll of enchant weapon
Potions
 n - a potion of curing {unknown}
 r - a potion of heal wounds
 t - a potion of attraction {unknown}


   Skills:
 - Level 1.5 Dodging
 - Level 2.1 Stealth
 + Level 3.3 Spellcasting
 - Level 0.7 Transmutations
 + Level 2.4 Ice Magic
 + Level 5.1 Earth Magic


You had 3 spell levels left.
You knew the following spells:

 Your Spells              Type           Power      Damage    Failure   Level
a - Sandblast             Erth           42%        2d11      1%          1
b - Freeze                Ice            44%        1d6       6%          1
c - Stone Arrow           Conj/Erth      24%        3d8       17%         3
d - Passwall              Tmut/Erth      10%        N/A       7%          2

Your spell library contained the following spells:

 Spells                   Type           Power      Damage    Failure   Level
 Ozocubu's Armour         Ice            11%        N/A       17%         3
 Petrify                  Tmut/Erth      13%        N/A       43%         4
 Ozocubu's Refrigeration  Ice            5%         4d6       100%        7


Dungeon Overview and Level Annotations

Branches:
Dungeon (4/15)
 Temple: D:4-7

Altars:
Gozag

Shops:
D:3 *(((   D:4 ?

Annotations:
D:3 3 runed translucent doors, JJisdabomb's ghost, amateur FoBe


Innate Abilities, Weirdness & Mutations

You are immune to sickness and miasma.
Your stone body is resilient. (AC +4)
You are immune to poison.
You resist negative energy. (rN+)
You are resistant to electric shocks. (rElec)
You are resistant to unholy torment.
You are immune to petrification.


Message History

Confirm with . or Enter, or press ? or * to list all spells.
Okay, then.
Casting: Passwall (safe; 7% risk of failure)
Confirm with . or Enter, or press ? or * to list all spells.
Okay, then.
Casting: Passwall (safe; 7% risk of failure)
Confirm with . or Enter, or press ? or * to list all spells.
Aiming: Sandblast (safe; 1% risk of failure)
Press: ? - help, Shift-Dir - straight line, f - ogre
Aim: an ogre, wielding a +0 giant club (91% to hit)
The blast of sand hits the ogre but does no damage.
Unknown command.
Casting: Sandblast (safe; 1% risk of failure)
Confirm with . or Enter, or press ? or * to list all spells.
Aiming: Sandblast (safe; 1% risk of failure)
Press: ? - help, Shift-Dir - straight line, f/p - ogre
Aim: an ogre, wielding a +0 giant club (91% to hit)
The blast of sand hits the ogre!
The ogre is moderately wounded.
Unknown command.
Casting: Sandblast (safe; 1% risk of failure)
Confirm with . or Enter, or press ? or * to list all spells.
Aiming: Sandblast (safe; 1% risk of failure)
Press: ? - help, Shift-Dir - straight line, f/p - ogre
Aim: an ogre, wielding a +0 giant club (moderately wounded, 91% to hit)
The blast of sand hits the ogre but does no damage.
The ogre is moderately wounded.
The ogre hits you with a +0 giant club!!
Ouch! That really hurt!
* * * LOW HITPOINT WARNING * * *
Unknown command.
Casting: Sandblast (safe; 1% risk of failure)
Confirm with . or Enter, or press ? or * to list all spells.
Aiming: Sandblast (safe; 1% risk of failure)
Press: ? - help, Shift-Dir - straight line, f/p - ogre
Aim: an ogre, wielding a +0 giant club (moderately wounded, 91% to hit)
The blast of sand hits the ogre!
The ogre is severely wounded.
The ogre hits you with a +0 giant club!
You die...

*,* *,**,**≈,,***≈ *.#
*,****,≈,,≈**≈ ##.# *,* *,≈*≈≈≈*≈
#..* *,* *≈≈*≈≈≈*≈ #.#* *,#
*≈≈*≈,≈*≈ ##.# **.## *≈≈*≈∩≈*≈ #
##..# **...# *≈≈*≈,≈*≈
####...###########....##*≈≈*≈≈≈*≈
'...............@O......≈,≈**≈,,,
####...###########....##,≈,***,,≈
# ##..# **.#[#*,≈**,**** ##.#
**#,**,**,,,,,* **##*#.#
*,,,,***,,,** ,,..*#.# **,***
**+** **#.##.### *,* ***,***
#.##...# *,* *,,,,,, ###.####.#
*,* *,*,,,*


You could see an ogre.

Vanquished Creatures
  A bullfrog zombie (D:3)
  6 adders
  A worm (D:2)
  An adder skeleton (D:4)
  2 dart slugs (D:1)
  7 endoplasms
  2 giant cockroaches
  5 goblins
  3 hobgoblins
  10 jackals
  2 kobolds
  A quokka (D:2)
  8 ball pythons
  3 bats
  A frilled lizard (D:2)
  8 rats
61 creatures vanquished.

Notes
Turn   | Place    | Note
-------+----------+-------------------------------------------
     0 | D:1      | hikkokomori the Gargoyle Earth Elementalist began the quest
                  | for the Orb.
     0 | D:1      | Reached XP level 1. HP: 10/10 MP: 3/3
    24 | D:1      | Found a faded altar of an unknown god.
   143 | D:1      | Got Plato's Almanac of the Glacier
   146 | D:1      | Learned a level 1 spell: Freeze
   228 | D:1      | Reached XP level 2. HP: 8/15 MP: 1/5
   451 | D:1      | Reached skill level 4 in Earth Magic
   901 | D:1      | Reached skill level 1 in Ice Magic
   958 | D:1      | Reached XP level 3. HP: 15/19 MP: 6/6
  1731 | D:2      | Reached XP level 4. HP: 24/24 MP: 1/8
  2547 | D:3      | Found a runed translucent gate.
  2547 | D:3      | Found an opulent altar of Gozag.
  2550 | D:3      | Found a runed translucent gate.
  2550 | D:3      | Found a runed translucent gate.
  2551 | D:3      | Noticed JJisdabomb's ghost (amateur FoBe)
  2589 | D:3      | Reached XP level 5. HP: 24/28 MP: 9/9
  2692 | D:3      | Found Vuamaug's Weapon Boutique.
  2708 | D:3      | Reached skill level 5 in Earth Magic
  2727 | D:3      | Found Ytauxaoj's Weapon Shop.
  2750 | D:3      | Bought a +1 vampiric morningstar for 190 gold pieces
  2787 | D:3      | Learned a level 3 spell: Stone Arrow
  2790 | D:3      | Learned a level 2 spell: Passwall
  2894 | D:3      | Found Quapn's General Store.
  2907 | D:3      | Bought a scroll of teleportation for 30 gold pieces
  3372 | D:3      | Found Dazunici's Weapon Shoppe.
  3692 | D:4      | Found Secsuro's Magic Scroll Emporium.
  3734 | D:4      | Noticed an ogre
  3740 | D:4      | Mangled by an ogre

Illustrated notes

Levels and vault maps discovered:
D:1:      dpeg_arrival_leaves_temple_mockup, layout_loops_corners,
          shapermc_ecumenical_altar_rom_forum
D:2:      layout_loops_ring, minmay_tromino_i4
D:3:      layout_loops_cross, serial_shops, nicolae_shop_bloodbath_and_beyond,
          nicolae_shop_statue_plus, shop_coins, shop, ebering_ghost_gozag
D:4:      layout_loops_corners, serial_shops, nicolae_lakefront_shop, shop,
          nicolae_shop_stone, gup_sewer_entry_pipe, minmay_vboxes

Skill      XL: |  1  2  3  4  5 |
---------------+----------------+-----
Earth Magic    | 4 5 |  5.1
Ice Magic      | 1 2 |  2.4
Spellcasting   | 3 |  3.3
Dodging        | |  1.5
Stealth        | |  2.1
Transmutations | |  0.7

Action                   |  1- 3 |  4- 6 || total
-------------------------+-------+-------++-------
Melee: Unarmed           |    35 |       ||    35
       Short sword       |    35 |    46 ||    81
       Club              |     5 |       ||     5
       Punch             |     4 |     2 ||     6
       Morningstar       |       |    69 ||    69
 Cast: Sandblast         |    27 |    22 ||    49
       Passwall          |       |     1 ||     1
  Use: Scroll            |       |     7 ||     7
 Stab: Sleeping          |     2 |     3 ||     5
Armor: Robe              |    36 |    67 ||   103
Dodge: Dodged            |    65 |    90 ||   155
